AoeStats
← CaSal EQUIVOCADO

Oasis

507215975Analyzed
2v2 RM · 13d ago on Sep 17, 2026· 36m 49s· 4 players
Game mode
Random Map
Map size
Medium (4 player)
Population
200
Speed
Normal
Resources
Standard
Victory
Conquest
Starting age
Dark Age
Ending age
Imperial Age
RankedLock teamsTeams togetherTeam positionsShared explorationLock speedFull tech treeHidden civsTurbo modeCheats
Victory
Defeat
🇲🇽 Maya · Mexico
1218
+20
🇲🇽 Saracens · Mexico
1203
+20
🇲🇽 Romans · Mexico
1300
-20
🇲🇽 Byzantines · Mexico
1300
-20
piernas7
0:39 Loom
10:03 Feudal Age
12:42 Town Watch
18:59 Castle Age
17:25 Double-Bit Axe
19:19 Padded Archer Armor
19:59 Crossbowman
28:47 Bow Saw
31:47 Wheelbarrow
31:00 Horse Collar
32:42 Ballistics
32:24 Fletching
32:38 Heavy Plow
36:26 Imperial Age
34:31 Stone Mining
34:44 Murder Holes
34:52 Bodkin Arrow
35:04 Gold Mining
35:31 Thumb Ring
37:10 Stone Shaft Mining
36:58 Hand Cart
36:46 Town Patrol
CaSal EQUIVOCADO
6:06 Loom
6:10 Loom
9:36 Feudal Age
11:26 Double-Bit Axe
16:09 Fletching
18:16 Wheelbarrow
22:48 Castle Age
21:06 Padded Archer Armor
21:26 Gold Mining
21:17 Horse Collar
23:46 Bow Saw
22:58 Crossbowman
25:35 Bodkin Arrow
32:14 Imperial Age
30:20 Heavy Plow
32:08 Ballistics
33:13 Gold Shaft Mining
33:55 Chemistry
33:10 Bracer
33:34 Leather Archer Armor
33:53 Arbalester
ranchwalker
6:28 Loom
9:17 Feudal Age
9:20 Man-at-Arms
11:15 Scale Mail Armor
13:02 Double-Bit Axe
14:09 Horse Collar
16:14 Fletching
17:06 Town Watch
17:15 Town Watch
20:25 Wheelbarrow
19:56 Gold Mining
25:32 Castle Age
24:21 Stone Mining
24:39 Padded Archer Armor
25:23 Forging
26:29 Leather Archer Armor
26:29 Bow Saw
27:25 Bodkin Arrow
29:11 Elite Skirmisher
30:15 Chain Mail Armor
30:34 Heavy Plow
31:26 Long Swordsman
32:11 Squires
35:11 Iron Casting
35:41 Ballistics
.::LastShadow::.
11:27 Feudal Age
12:08 Double-Bit Axe
12:26 Horse Collar
19:02 Castle Age
20:37 Bow Saw
21:16 Heavy Plow
33:34 Imperial Age
30:53 Loom
31:45 Wheelbarrow
32:54 Fortified Wall
32:41 Elite Skirmisher
33:27 Thumb Ring
33:15 Fletching
35:20 Chemistry
36:09 Ballistics
35:46 Bodkin Arrow
Connection lost

Rejoining the realm…

Still unreachable

The connection could not be restored.

Session expired

The server has moved on; the page needs a fresh start.